 Dungeon Sprint DCSS version 0.26-a0-652-gafc20e3620 (webtiles) character file.

Game seed: 6308371407854487228

198 sahdkjhfkaj the Transmogrifier (level 5, -1/39 HPs)
             Began as an Octopode Transmuter on Oct 3, 2020.
             Was an Initiate of Sif Muna.
             Slain by a two-headed ogre
             ... wielding a +0 giant spiked club
              (9 damage)
             ... in the Dungeon (Sprint IX: "|||||||||||||||||||||||||||||").
             The game lasted 00:01:20 (898 turns).

sahdkjhfkaj the Transmogrifier (Octopode Transmuter) Turns: 898, Time: 00:01:20

Health: -1/39      AC:  7    Str: 11    XL:     5   Next: 77%
Magic:  1/8        EV: 12    Int: 15    God:    Sif Muna [......]
Gold:   0          SH:  0    Dex: 12    Spells: 1/8 levels left

rFire    x . .     SeeInvis .     - Unarmed
rCold    + + +     Faith    .   (shield currently unavailable)
rNeg     . . .     Spirit   .   (helmet currently unavailable)
rPois    +         Reflect  .   (no amulet)
rElec    .         Harm     .   k - +2 ring of evasion
rCorr    .         Rampage  .   l - +2 ring of protection
MR       .....     NoTele   +   (no ring)
Stlth    +.........             (no ring)
HPRegen  0.13/turn              (no ring)
MPRegen  0.11/turn              (no ring)
                                (no ring)
                                (no ring)

@: ice-form, wereblooded
A: large, almost no armour, stealthy swim, amphibious, 8 rings, (constrict 8)
a: End Transformation, Renounce Religion


You were in the Dungeon.
You worshipped Sif Muna.
Sif Muna was noncommittal.
You were a creature of crystalline ice.
You visited 1 branch

Inventory:

Jewellery
 k - a +2 ring of evasion (left front paw)
 l - a +2 ring of protection (right front paw)
Wands
 j - a wand of acid (10)
Scrolls
 g - 2 scrolls of blinking
 h - 3 scrolls of remove curse
 i - 2 scrolls of amnesia
Potions
 a - a potion of invisibility
 b - 5 potions of curing
 c - 2 potions of heal wounds
 d - a potion of haste
 e - 4 potions of magic
 f - a potion of berserk rage


   Skills:
 - Level 1.0 Fighting
 - Level 2.0 Dodging
 - Level 8.3 Unarmed Combat
 - Level 2.0 Spellcasting
 + Level 8.7 Transmutations


You had one spell level left.
You knew the following spells:

 Your Spells              Type           Power        Failure   Level
a - Beastly Appendage     Tmut           ####..       1%          1
F - Ice Form              Ice/Tmut       ##......     36%         4
W - Wereblood             Tmut           ####....     1%          2

Your spell library contained the following spells:

 Spells                   Type           Power        Failure   Level
 Spider Form              Tmut/Pois      ##........   11%         3
 Blade Hands              Tmut           ####......   17%         5


Dungeon Overview and Level Annotations

Branches:
Dungeon (1/1)

Altars:
Cheibriados
Dithmenos
Elyvilon
Fedhas
Gozag
Hepliaklqana
Kikubaaqudgha
Makhleb
Nemelex Xobeh
Okawaru
Qazlal
Ru
Sif Muna
Trog
Uskayaw
Vehumet
Wu Jian
Xom
Yredelemnul
Zin
The Shining One
Beogh
Jiyva
Lugonu


Innate Abilities, Weirdness & Mutations

You cannot wear most types of armour.
You are very stealthy in the water. (Stealth+)
You are amphibious.
You can wear up to eight rings at the same time.
((You can use your tentacles to constrict eight enemies at once.))
((Your skin changes colour to match your surroundings (Stealth+).))
((Your rubbery body absorbs attacks. (AC +1, EV +1)))


Message History

Sif Muna accepts your kill.
Unknown command.
You punch the ogre! You freeze the ogre.
The ogre is severely wounded.
The ogre hits you with a +0 giant club!
Unknown command.
You hit the ogre. You freeze the ogre.
The ogre is severely wounded.
Unknown command.
You punch the ogre! You freeze the ogre.
You kill the ogre!
Sif Muna accepts your kill.
Your Transmutations skill gained 3 levels and is now at level 8!
You have reached level 5!
You feel stronger.
You howl as the wereblood boils in your veins!
The two-headed ogre hits you with a +0 giant spiked club!!
* * * LOW HITPOINT WARNING * * *
The two-headed ogre hits you with a +0 giant club!
You die...

▓+▓
▓.▓
▓.▓
▓c▓
▓h▓
▓h▓
▓O▓
▓Y▓
▓.▓
▓.▓
▓[▓
▓[▓
▓[▓
▓.▓
▓)▓
▓.▓


You could see a two-headed ogre, a centaur and 2 hounds.

Vanquished Creatures
  An ogre (D)
  2 jellies (D)
  A worker ant (D)
  An adder (D)
  A white imp (D)
  An ufetubus (D)
  2 dart slugs (D)
  A bat (D)
  2 hobgoblins (D)
12 creatures vanquished.

Notes
Turn   | Place    | Note
-------+----------+-------------------------------------------
     0 | D        | sahdkjhfkaj the Octopode Transmuter began the quest for the
                  | Orb.
     0 | D        | Reached XP level 1. HP: 13/13 MP: 3/3
    13 | D        | Reached XP level 2. HP: 14/18 MP: 3/5
    15 | D        | Reached skill level 5 in Unarmed Combat
    74 | D        | Learned a level 2 spell: Wereblood
    80 | D        | Reached XP level 3. HP: 19/23 MP: 2/6
    85 | D        | Reached XP level 4. HP: 15/28 MP: 2/7
    92 | D        | Reached skill level 5 in Transmutations
   539 | D        | Learned a level 4 spell: Ice Form
   783 | D        | Found a roughly hewn altar of Beogh.
   783 | D        | Found a snail-covered altar of Cheibriados.
   783 | D        | Found a shadowy altar of Dithmenos.
   783 | D        | Found a white marble altar of Elyvilon.
   783 | D        | Found a blossoming altar of Fedhas.
   783 | D        | Found an opulent altar of Gozag.
   784 | D        | Found a hazy altar of Hepliaklqana.
   785 | D        | Found a viscous altar of Jiyva.
   786 | D        | Found an ancient bone altar of Kikubaaqudgha.
   787 | D        | Found a corrupted altar of Lugonu.
   788 | D        | Found a burning altar of Makhleb.
   789 | D        | Found a sparkling altar of Nemelex Xobeh.
   790 | D        | Found an iron altar of Okawaru.
   791 | D        | Found a stormy altar of Qazlal.
   792 | D        | Found a sacrificial altar of Ru.
   793 | D        | Found a shimmering blue altar of Sif Muna.
   794 | D        | Found a bloodstained altar of Trog.
   795 | D        | Found a hide-covered altar of Uskayaw.
   796 | D        | Found a radiant altar of Vehumet.
   797 | D        | Found an ornate altar of the Wu Jian Council.
   798 | D        | Found a shimmering altar of Xom.
   799 | D        | Found a basalt altar of Yredelemnul.
   800 | D        | Found a glowing silver altar of Zin.
   801 | D        | Became a worshipper of Sif Muna the Loreminder
   802 | D        | Found a glowing golden altar of the Shining One.
   893 | D        | Noticed a centaur
   893 | D        | Noticed a two-headed ogre
   893 | D        | Noticed an ogre
   897 | D        | Killed an ogre
   897 | D        | Reached XP level 5. HP: 26/33 MP: 1/8
   898 | D        | Slain by a two-headed ogre

Illustrated notes

Levels and vault maps discovered:
D:        linesprint [early_d, line_temple, items_1, d_10, items_2, lair_1,
          lair_end, items_3, orc_1, orc_end, items_4, d_15, swamp_1, shoals_1,
          snake_1, spider_1, d_20, vaults_1, items_5, swamp_end, shoals_end,
          snake_end, spider_end, vaults_end, d_27, items_6, zot_1, zot_end,
          crypt_end, forest_end, elf_end, slime_end, tomb_end, abyss_end,
          pan_hell_end]

Skill      XL: |  1  2  3  4 |
---------------+-------------+-----
Unarmed Combat | 4 7 8 |  8.3
Transmutations | 8 |  8.7
Fighting       | |  1.0
Dodging        | |  2.0
Spellcasting   | |  2.0

Action                   |  1- 3 |  4- 6 || total
-------------------------+-------+-------++-------
Melee: Unarmed           |    19 |     9 ||    28
       Constrict         |     5 |       ||     5
       Kick              |     4 |     4 ||     8
       Tentacles         |     2 |       ||     2
 Cast: Beastly Appendage |     2 |     1 ||     3
       Wereblood         |     1 |     3 ||     4
       Ice Form          |       |     2 ||     2
  Use: Potion            |       |     1 ||     1
 Stab: Sleeping          |     2 |       ||     2
Armor: Skin              |       |     1 ||     1
Dodge: Dodged            |    11 |     2 ||    13

Table legend: (Time is in decaauts)
 A = Elapsed time spent in this place.
 B = Non-inter-level travel time spent in this place.
 C = Inter-level travel time spent in this place.
 D = Time resting spent in this place.
 E = Time spent auto-exploring this place.
 F = Levels seen in this place.
 G = Mean time per level.
                   A        B        C        D        E       F      G
               +--------+--------+--------+--------+--------+-----+--------+
         Total |    893 |    893 |      0 |    775 |      3 |   1 |  893.0 |
       Dungeon |    893 |    893 |      0 |    775 |      3 |   1 |  893.0 |
               +--------+--------+--------+--------+--------+-----+--------+

Top non-repeatable levels by time:
       D: 893 daAuts
